Map: Tokamak LE

Players

Kelazhur - Winner!

  • Race: Terran Terran
  • League: Master
  • Spawn Location: 1:00

Shino

  • Race: Zerg Zerg
  • Spawn Location: 7:00

Event: HomeStory Cup XXVII

VOD

Have the link to the VOD?

Description

Time

  • Played on: June 28, 2025, 2:04 p.m.
  • Length: 9:16

All games in this series

Show
View Real Time Build Order
Export as new Build Order

Kelazhur Terran - Winner!

Build Orders: Reaper Expand, Hellion Banshee 

Get SALT Encoding   

  12  0:00  SCV  
  13  0:12  SCV  
  14  0:17  Supply Depot  
  14  0:24  SCV  
  15  0:39  SCV  
  15  0:40  Barracks  
  16  0:43  Refinery  
  16  0:51  SCV  
  17  1:03  SCV  
  18  1:15  SCV  
  19  1:27  Orbital Command, Reaper  
  20  1:38  Command Center  
  20  1:47  Supply Depot  
  20  1:53  SCV  
  21  1:59  Marine  
  22  2:03  Factory  
  22  2:05  SCV  
  23  2:17  SCV  
  23  2:21  Barracks Reactor  
  24  2:29  SCV  
  25  2:41  SCV  
  25  2:42  Command Center  
  26  2:52  Orbital Command  
  26  2:54  SCV  
  27  3:02  Starport  
  31  3:05  Hellion x2  
  31  3:07  SCV  
  31  3:11  Barracks Tech Lab  
  32  3:18  SCV  
  33  3:21  Refinery  
  33  3:23  SCV  
  34  3:29  Hellion x2  
  38  3:35  SCV x2  
  40  3:47  SCV  
  41  3:54  Hellion x2, Banshee  
  41  3:55  Orbital Command  
  48  3:57  SCV  
  48  3:59  SCV  
  50  4:06  Supply Depot  
  50  4:10  SCV  
  50  4:11  SCV  
  50  4:13  Armory  
  50  4:16  Hellion x2  
  56  4:22  SCV x2  
  56  4:23  SCV  
  59  4:24  Supply Depot  
  59  4:34  SCV  
  59  4:36  Refinery x2, SCV  
  59  4:37  Banshee  
  64  4:41  Hellion x2  
  64  4:42  Hyperflight Rotors, SCV  
  69  4:46  Supply Depot  
  69  4:50  SCV  
  70  4:53  SCV  
  70  4:58  SCV  
  72  5:00  Supply Depot  
  72  5:04  Hellion x2  
  72  5:05  SCV  
  77  5:14  Supply Depot  
  75  5:22  Supply Depot  
  75  5:25  SCV x2  
  77  5:30  Hellion x2, SCV  
  77  5:32  Banshee  
  77  5:35  Factory  
  82  5:36  Factory  
  82  5:37  SCV  
  82  5:42  SCV  
  77  5:52  Hellion x2  
  77  5:53  Terran Vehicle Weapons Level 1, SCV  
  77  5:54  Orbital Command, SCV  
  80  5:58  Supply Depot  
  80  6:01  Engineering Bay  
  78  6:13  Hellion x2  
  78  6:15  SCV  
  78  6:17  SCV  
  82  6:19  SCV  
  82  6:20  Banshee  
  84  6:27  SCV  
  84  6:31  Factory Tech Lab x2  
  79  6:33  SCV x2  
  79  6:35  Hellion x2, Factory  
  79  6:37  Factory  
  79  6:38  Supply Depot  
  79  6:40  SCV  
  79  6:44  Cloaking Field  
  79  6:45  SCV  
  81  6:49  SCV  
  81  6:51  Refinery  
  81  6:53  Refinery, SCV  
  83  6:55  Supply Depot  
  83  6:58  SCV  
  83  7:01  SCV  
  85  7:04  Hellion x2  
  85  7:05  Cyclone x2, Mag-Field Accelerator, SCV  
  96  7:08  Banshee  
  96  7:11  SCV  
  100  7:16  SCV  
  100  7:21  Factory Reactor  
  101  7:22  Factory Tech Lab  
  101  7:25  SCV  
  101  7:29  Supply Depot  
  102  7:30  Supply Depot  
  102  7:31  Supply Depot  
  102  7:33  Hellion x2  
  102  7:34  Command Center  
  106  7:37  Cyclone x2  
  106  7:39  SCV  
  106  7:43  Cyclone, Supply Depot  
  113  8:01  Hellion x3  
  113  8:02  Hellion  
  113  8:03  Hellion x4  
  121  8:08  Factory  
  121  8:09  Cyclone x2, Factory  
  127  8:18  Banshee  
  130  8:21  Hellion  
  130  8:23  Hellion x4  
  130  8:25  Supply Depot  
  140  8:27  Supply Depot  
  140  8:31  Sensor Tower  
  140  8:35  SCV x2  
  140  8:37  Missile Turret  
  140  8:38  Missile Turret x2  
  142  8:42  Hellion x3  
  148  8:51  Hellion x3  
  148  8:53  SCV x2  
  148  8:54  SCV  
  149  9:04  Refinery  
  149  9:07  Refinery  
Show
View Real Time Build Order
Export as new Build Order

Shino Zerg 

Build Orders: Hatch First 

Get SALT Encoding   

  12  0:00  Drone  
  13  0:12  Overlord  
  13  0:16  Drone  
  14  0:30  Drone  
  14  0:31  Drone  
  16  0:46  Hatchery  
  16  0:49  Drone  
  16  0:52  Drone  
  16  0:56  Drone  
  18  1:06  Extractor  
  17  1:11  Spawning Pool  
  17  1:14  Drone  
  17  1:19  Drone  
  18  1:28  Drone  
  19  1:39  Drone  
  20  1:49  Drone  
  21  1:58  Queen x2  
  21  1:59  Zergling x2  
  21  2:00  Zergling x2  
  27  2:10  Overlord  
  27  2:11  Metabolic Boost  
  27  2:24  Hatchery  
  27  2:27  Drone  
  27  2:30  Drone  
  28  2:39  Spore Crawler  
  28  2:40  Queen  
  30  2:45  Drone x2  
  30  2:49  Overlord  
  32  2:56  Overlord  
  32  2:57  Drone  
  33  2:58  Drone  
  33  3:02  Drone  
  35  3:07  Drone  
  36  3:14  Drone x2  
  38  3:20  Drone x2  
  38  3:21  Queen  
  38  3:25  Queen  
  44  3:31  Drone x2  
  46  3:34  Drone  
  46  3:40  Drone  
  48  3:43  Queen  
  48  3:45  Overlord  
  48  3:46  Zergling x2  
  48  3:47  Zergling x2  
  52  3:50  Zergling x2  
  52  3:53  Drone x2  
  56  3:55  Drone  
  56  4:01  Queen  
  56  4:02  Overlord  
  58  4:09  Overlord  
  58  4:10  Drone x2  
  58  4:12  Drone  
  58  4:13  Drone  
  58  4:14  Drone  
  63  4:17  Drone  
  63  4:19  Drone  
  63  4:23  Queen  
  67  4:27  Evolution Chamber  
  67  4:28  Evolution Chamber  
  65  4:32  Drone x3  
  65  4:33  Drone  
  65  4:35  Drone  
  70  4:38  Queen  
  70  4:41  Drone  
  70  4:45  Drone x2  
  75  4:46  Drone  
  75  4:47  Drone  
  75  4:49  Drone  
  78  4:53  Zerg Ground Armor Level 1  
  78  4:58  Overlord  
  78  5:00  Hatchery  
  78  5:03  Spore Crawler  
  78  5:04  Spore Crawler  
  74  5:07  Spore Crawler  
  74  5:10  Zergling x2  
  74  5:11  Zergling x6  
  77  5:14  Zergling x8  
  77  5:18  Zergling x6  
  78  5:28  Zergling x2  
  78  5:29  Zergling x8, Evolution Chamber  
  78  5:34  Queen x2  
  79  5:37  Zergling x8  
  83  5:47  Zergling x10  
  83  5:48  Queen  
  77  5:53  Zergling x6  
  73  5:58  Zerg Melee Weapons Level 1  
  73  6:00  Zergling x2  
  71  6:06  Zergling x4  
  71  6:10  Queen  
  70  6:16  Zergling x8  
  60  6:21  Queen  
  60  6:22  Queen  
  60  6:23  Queen  
  58  6:27  Drone x2  
  58  6:30  Drone x2  
  58  6:32  Drone  
  58  6:34  Zergling x2  
  58  6:36  Drone  
  58  6:37  Drone  
  60  6:41  Drone x2  
  60  6:42  Drone  
  63  6:48  Drone x3  
  63  6:50  Drone  
  63  6:53  Drone x3  
  70  6:59  Drone x3  
  70  7:00  Drone  
  73  7:03  Drone x2  
  73  7:06  Drone x3  
  73  7:08  Drone  
  78  7:14  Lair  
  78  7:17  Extractor  
  78  7:18  Baneling Nest, Extractor  
  78  7:19  Extractor  
  74  7:23  Drone x6  
  78  7:37  Drone x7, Roach Warren  
  77  7:38  Drone x2  
  77  7:39  Drone  
  87  7:46  Overlord  
  87  7:50  Queen  
  87  7:56  Drone x2  
  87  7:57  Drone x2, Extractor x2  
  87  7:58  Zergling x12  
  86  8:16  Overlord  
  86  8:18  Roach x5  
  95  8:25  Overlord x2  
  95  8:31  Infestation Pit  
  95  8:32  Roach  
  96  8:34  Baneling x4  
  96  8:37  Overlord, Roach x2  
  96  8:38  Overlord x3  
  102  8:41  Roach x2  
  102  8:50  Roach x5  
Tags
 
Add a new tag
Caveats
  • Supply blocks, unpowered buildings, or Contaminate may cause inaccurate times.
  • Supply counts are checked every 10 seconds.